 Dungeon Sprint DCSS version 0.17-a0-764-gd40c196 (webtiles) character file.

700000 namelastname112 the Black Belt (level 11, 0/108 HPs)
             Began as a Demonspawn Monk on Apr 23, 2015.
             Was a Believer of Makhleb.
             Slain by a meat berserker
             ... wielding a +9 battleaxe
              (43 damage)
             ... in the Dungeon (Sprint VIII: "Arena of Blood").
             The game lasted 00:00:14 (7 turns).

namelastname112 the Black Belt (Demonspawn Monk)       Turns: 7, Time: 00:00:14

Health: 0/108      AC:  5    Str: 12    XL:     11   Next: 71%
Magic:  11/11      EV: 23    Int: 11    God:    Makhleb [**....]
Gold:   0          SH:  0    Dex: 19    Spells: 0 memorised, 10 levels left

rFire  . . .     SeeInvis +     i - +∞ Axe of Woe
rCold  . . .     Clarity  .     a - +0 robe
rNeg   . . .     SustAb   .     (no shield)
rPois  .         Gourm    .     (helmet unavailable)
rElec  .         Spirit   .     (no cloak)
rCorr  .         Warding  .     (no gloves)
rMut   .         NoTele   +     (no boots)
MR     .....                    (no amulet)
Stlth  +++.......               (no ring)
                                (no ring)

@: not resistant to hostile enchantments, fairly stealthy
A: antennae 3, yellow scales 2, powered by death 1, powered by pain 2, robust 1
a: Minor Destruction, Renounce Religion


You were in the Dungeon.
You worshipped Makhleb.
Makhleb was pleased with you.
You were not hungry.

You visited 1 branch

Inventory:

Hand weapons
 i - the +∞ Axe of Woe (weapon)
   (You found it in the Dungeon)
Armour
 a - a +0 robe (worn)
Scrolls
 h - a scroll of blinking
Potions
 c - a potion of curing
 d - a potion of heal wounds
 e - a potion of haste
 f - 2 potions of magic
 g - a potion of berserk rage
Comestibles
 b - a bread ration


   Skills:
 + Level 13.7 Fighting
 + Level 12.8 Dodging
 + Level 5.5 Stealth
 + Level 19.1 Unarmed Combat


You had 10 spell levels left.
You didn't know any spells.

Dungeon Overview and Level Annotations

Branches:
Dungeon (1/1)

Altars:
Makhleb


Innate Abilities, Weirdness & Mutations

You have a pair of large antennae on your head (SInv).
You are mostly covered in yellow scales (AC +3).
You can steal the life force of nearby defeated enemies.
You sometimes gain power by taking damage.
You are robust (+10% HP).


Message History

You feel agile.
Your demonic ancestry asserts itself...
You feel energised by your suffering.
You have reached level 7!
You have reached level 8!
You feel agile.
Your demonic ancestry asserts itself...
A wave of death washes over you.
You have reached level 9!
Your experience leads to an increase in your attributes!
Increase (S)trength, (I)ntelligence, or (D)exterity?
You feel agile.
Your demonic ancestry asserts itself...
You feel even more energised by your suffering.
You have reached level 10!
Your demonic ancestry asserts itself...
Yellow scales spread over more of your body.
You have reached level 11!
Your demonic ancestry asserts itself...
You feel robust.
You hear a shout! x11
The meat berserker hits you with a +9 battleaxe!!!
You die...

#. ...# #.. ...#
.###.. ...###..
......###o......
......_..... ...
#.....# o...
#_.<._# .....
...#.....#......#
......_O@........
......###)........
.###.. ...###...
#.. ....# .. #.
.....# .........
......o. .....o..
...


You could see a meat berserker (berserk) and 4 bags of meat.

Vanquished Creatures
  An orc (D)
1 creature vanquished.

Notes
Turn   | Place    | Note
--------------------------------------------------------------
     0 | D        | namelastname112, the Demonspawn Monk, began the quest for the Orb.
     0 | D        | Reached XP level 1. HP: 18/18 MP: 1/1
     3 | D        | Noticed a bag of meat
     4 | D        | Noticed a bag of meat
     4 | D        | Became a worshipper of Makhleb the Destroyer
     4 | D        | Acquired Makhleb's first power
     4 | D        | Acquired Makhleb's second power
     5 | D        | Noticed a bag of meat
     7 | D        | Noticed a meat berserker
     7 | D        | Killed a bag of meat
     7 | D        | Reached skill level 13 in Fighting
     7 | D        | Reached skill level 5 in Stealth
     7 | D        | Reached skill level 19 in Unarmed Combat
     7 | D        | Gained mutation: You have a pair of small antennae on your head. [demonic ancestry]
     7 | D        | Reached XP level 2. HP: 21/41 MP: 2/2
     7 | D        | Gained mutation: You are partially covered in yellow scales (AC +2). [demonic ancestry]
     7 | D        | Reached XP level 3. HP: 24/47 MP: 3/3
     7 | D        | Gained mutation: You have a pair of antennae on your head. [demonic ancestry]
     7 | D        | Reached XP level 4. HP: 27/54 MP: 4/4
     7 | D        | Gained mutation: You have a pair of large antennae on your head (SInv). [demonic ancestry]
     7 | D        | Reached XP level 5. HP: 30/60 MP: 5/5
     7 | D        | Gained mutation: You sometimes gain a little power by taking damage. [demonic ancestry]
     7 | D        | Reached XP level 6. HP: 33/67 MP: 6/6
     7 | D        | Reached XP level 7. HP: 35/73 MP: 7/7
     7 | D        | Gained mutation: You can steal the life force of nearby defeated enemies. [demonic ancestry]
     7 | D        | Reached XP level 8. HP: 38/80 MP: 8/8
     7 | D        | Gained mutation: You sometimes gain power by taking damage. [demonic ancestry]
     7 | D        | Reached XP level 9. HP: 40/86 MP: 9/9
     7 | D        | Gained mutation: You are mostly covered in yellow scales (AC +3). [demonic ancestry]
     7 | D        | Reached XP level 10. HP: 43/93 MP: 10/10
     7 | D        | Gained mutation: You are robust (+10% HP). [demonic ancestry]
     7 | D        | Reached XP level 11. HP: 43/108 MP: 11/11
     7 | D        | Slain by a meat berserker

Action                   |  1- 3 |  4- 6 |  7- 9 | 10-12 || total
-------------------------+-------+-------+-------+-------++-------
Melee: Executioner's axe |     1 |       |       |       ||     1
